[Event "Titled Tuesday Blitz May 18 2021"]
[White "Pichot, Alan"]
[Black "Molina, Roberto Junio Brito"]
[WhiteFideId "110973"]
[BlackFideId "2109450"]
[WhiteElo "2622"]
[BlackElo "2402"]
[Result "0-1"]
[Round "04"]
[TimeControl "180+1"]
[Date "2021.05.18"]
[WhiteClock "0:00:03"]
[BlackClock "0:00:07"]

1. e4 c6 2. d4 d5 3. e5 Bf5 4. Nf3 e6 5. Be2 Nd7 6. c3 h6 7. O-O Ne7 8. a4 Bh7 9. a5 Ng6 10. a6 b6 11. b4 Be7 12. Re1 O-O 13. Bd3 c5 14. Qa4 Rc8 15. Na3 c4 16. Bb1 Nb8 17. Nb5 Nc6 18. Qd1 Qd7 19. Na3 Rfe8 20. Ra2 Bxb4 21. cxb4 Nxb4 22. Rae2 Nxa6 23. h4 b5 24. h5 Nf8 25. Bxh7+ Nxh7 26. Nh4 Nb4 27. Re3 Nd3 28. Rg3 Kh8 29. Bd2 b4 30. Rxd3 cxd3 31. Bxb4 Qb7 32. Bc5 Qb2 33. Qxd3 Rb8 34. Rb1 Qa2 35. Nf3 Rxb1+ 36. Nxb1 a5 37. Qb5 Rc8 38. Qb7 Rd8 39. Nbd2 Kg8 40. Qc7 Ra8 41. Qb7 Rd8 42. Nb3 Qb1+ 43. Kh2 a4 44. Qc7 Ra8 45. Qc6 Rb8 46. Nbd2 Qb5 47. Qd6 Ra8 48. Nf1 Qa6 49. Qxa6 Rxa6 50. Ba3 Rb6 51. N1d2 Nf8 52. Ne1 Nd7 53. Nd3 Rb5 54. Kg3 Nb6 55. Kf3 Nc4 56. Nxc4 dxc4 57. Nb4 f6 58. exf6 gxf6 59. g4 f5 60. Kf4 fxg4 61. Kxg4 Rf5 62. f4 Kf7 63. Nc6 Rd5 0-1


[Site "https://www.chess.com"]

[Event "Titled Tuesday Blitz May 18 2021"]
[White "Rasulov, Vugar"]
[Black "Ezat, Mohamed"]
[WhiteFideId "13402390"]
[BlackFideId "10600906"]
[WhiteElo "2553"]
[BlackElo "2417"]
[Result "1-0"]
[Round "04"]
[TimeControl "180+1"]
[Date "2021.05.18"]
[WhiteClock "0:01:33"]
[BlackClock "0:00:11"]

1. e4 c6 2. d4 d5 3. e5 Bf5 4. Nf3 e6 5. Be2 Nd7 6. O-O h6 7. Nbd2 Ne7 8. Nb3 Ng6 9. a4 Be7 10. a5 O-O 11. Ne1 Nh8 12. f4 Bh7 13. Bd3 f5 14. c4 a6 15. Nf3 g5 16. cxd5 cxd5 17. Bd2 Ng6 18. Rc1 Nxf4 19. Bxf4 gxf4 20. Qd2 Bg5 21. Qb4 Rb8 22. Qd6 Qe7 23. Rc7 Qxd6 24. exd6 Rfd8 25. Ne5 Nf8 26. Nc5 b5 27. Nc6 Bf6 28. Nxa6 Ra8 29. Nxd8 Rxd8 30. Bxb5 Bxd4+ 31. Kh1 Rxd6 32. Rc6 Be5 33. Nc5 f3 34. gxf3 f4 35. a6 Rxc6 36. Bxc6 Bb8 37. Nd7 Nxd7 38. Bxd7 Kf7 39. Rc1 Ke7 40. Rc8 Ba7 41. Rc7 Bb6 42. Rb7 Be3 43. Bb5+ 1-0


[Site "https://www.chess.com"]

[Event "Titled Tuesday Blitz May 18 2021"]
[White "Sadhwani, Raunak"]
[Black "Nikitenko, Mihail"]
[WhiteFideId "35093487"]
[BlackFideId "13506862"]
[WhiteElo "2514"]
[BlackElo "2430"]
[Result "1-0"]
[Round "04"]
[TimeControl "180+1"]
[Date "2021.05.18"]
[WhiteClock "0:00:09"]
[BlackClock "0:00:13"]

1. b3 e5 2. Bb2 Nc6 3. c4 Nf6 4. Nf3 Qe7 5. g3 e4 6. Nd4 Qe5 7. e3 Bc5 8. Nb5 Qxb2 9. N1c3 Nb4 10. Rb1 Qc2 11. Nxc7+ Kd8 12. Nxa8 b6 13. Qxc2 Nxc2+ 14. Kd1 Nb4 15. a3 Na6 16. b4 Be7 17. c5 bxc5 18. bxc5 Nxc5 19. Bg2 d5 20. d4 Nd3 21. Kd2 Nxf2 22. Rhf1 Nd3 23. Nxd5 Nxd5 24. Bxe4 Nf6 25. Bxd3 Bxa3 26. Rb3 Bd6 27. Ra1 Be6 28. Rbb1 h5 29. e4 Nd7 30. e5 Bb8 31. Bb5 Ke7 32. Bc6 f6 33. d5 Nxe5 34. Rb7+ Kd6 35. Rab1 Nc4+ 36. Kc3 Nb6 37. Nxb6 axb6 38. R1xb6 Bc7 39. Ra6 Bc8 40. Bb5+ Ke5 41. Rxc7 Bxa6 42. Bxa6 Kxd5 43. Rxg7 h4 44. g4 Ke5 45. Bd3 Kf4 46. Bf5 h3 47. Rf7 Kg5 48. Kd4 Re8 49. Kd3 Rd8+ 50. Ke3 Ra8 51. Rh7 Ra3+ 52. Ke4 Ra4+ 53. Kd5 Ra3 54. Rh5+ Kf4 55. Ke6 Ra6+ 56. Kf7 Ke5 57. Rxh3 Kf4 58. Kg6 Ke5 59. Rh7 Kf4 60. h4 Kg3 61. h5 Kf4 62. h6 Ra8 63. Rg7 1-0


[Site "https://www.chess.com"]

[Event "Titled Tuesday Blitz May 18 2021"]
[White "Sarana, Alexey"]
[Black "Bryakin, Mikhail"]
[WhiteFideId "24133795"]
[BlackFideId "4165314"]
[WhiteElo "2629"]
[BlackElo "2397"]
[Result "1-0"]
[Round "04"]
[TimeControl "180+1"]
[Date "2021.05.18"]
[WhiteClock "0:01:10"]
[BlackClock "0:00:49"]

1. e4 d6 2. d4 Nf6 3. Nc3 g6 4. f4 Bg7 5. Nf3 O-O 6. Bd3 a6 7. O-O b5 8. e5 Ne8 9. a4 b4 10. Ne4 Bb7 11. c3 a5 12. Qe2 e6 13. Bd2 bxc3 14. bxc3 Nd7 15. Be1 Bxe4 16. Bxe4 d5 17. Bd3 c5 18. g4 Nc7 19. f5 exf5 20. gxf5 Re8 21. Bh4 Qc8 22. fxg6 fxg6 23. Ng5 Nf8 24. Qf3 Qd7 25. Kh1 c4 26. Bc2 Nce6 27. Nf7 Reb8 28. Nd6 Rb2 29. Qxd5 Rxc2 30. Qxa8 Rxc3 31. Rf7 Nc7 32. Qxf8+ 1-0


[Site "https://www.chess.com"]

[Event "Titled Tuesday Blitz May 18 2021"]
[White "Sevian, Samuel"]
[Black "Sumets, Andrey"]
[WhiteFideId "2040506"]
[BlackFideId "14105500"]
[WhiteElo "2978"]
[BlackElo "2619"]
[Result "1-0"]
[Round "04"]
[TimeControl "180+1"]
[Date "2021.05.18"]
[WhiteClock "0:01:16"]
[BlackClock "0:00:06"]

1. e4 e6 2. d4 d5 3. Nc3 Nf6 4. e5 Nfd7 5. f4 c5 6. Nf3 Nc6 7. Be3 Qb6 8. Qd2 Qxb2 9. Rb1 Qa3 10. Bb5 a6 11. Bxc6 bxc6 12. O-O c4 13. Ne2 Be7 14. f5 exf5 15. Ng3 g6 16. Bh6 Nf8 17. Bg7 Rg8 18. Bf6 Ne6 19. Ng5 h5 20. Nh7 f4 21. Rf3 Qxa2 22. Rbf1 Rb8 23. Ne2 Rb2 24. Rc3 Bb4 25. Nxf4 Nxf4 26. Qxf4 Bxc3 27. e6 Bxe6 28. Qc7 Qa3 29. Qd8# 1-0


[Site "https://www.chess.com"]

[Event "Titled Tuesday Blitz May 18 2021"]
[White "Shahaliyev, Ismayil"]
[Black "Martirosyan, Haik M."]
[WhiteFideId "13406388"]
[BlackFideId "13306553"]
[WhiteElo "2105"]
[BlackElo "2656"]
[Result "1/2-1/2"]
[Round "04"]
[TimeControl "180+1"]
[Date "2021.05.18"]
[WhiteClock "0:00:31"]
[BlackClock "0:00:28"]

1. d4 d5 2. Nf3 c6 3. c3 Nf6 4. Bg5 Nbd7 5. Nbd2 g6 6. e3 Bg7 7. Bd3 O-O 8. O-O Re8 9. e4 h6 10. Bh4 dxe4 11. Nxe4 Nxe4 12. Bxe4 Qb6 13. Qc2 c5 14. Bg3 cxd4 15. Nxd4 e5 16. Nb3 f5 17. Bd5+ Kh7 18. Bh4 e4 19. Kh1 Ne5 20. f3 exf3 21. Bxf3 Nxf3 22. Rxf3 Bd7 23. Bf2 Qc7 24. Bd4 Bc6 25. Rf2 Be4 26. Qc1 Rad8 27. Bxg7 Qxg7 28. Nd4 Bd5 29. Qd2 Re5 30. Re2 Rde8 31. Rae1 Be4 32. Kg1 a6 33. h4 b5 34. a3 Qf6 35. Qf4 Kg7 36. Nf3 R5e7 37. Nd4 g5 38. hxg5 hxg5 39. Qg3 f4 40. Qg4 Kg6 41. Nf3 Bxf3 42. Qxf3 Qb6+ 43. Kf1 Rxe2 44. Rxe2 Rxe2 45. Kxe2 Qe6+ 46. Kf1 Qf5 47. Qc6+ Kh5 48. Qe8+ Kh4 49. Qe1+ Kg4 50. Qd1+ Kg3 51. Qf3+ Kh2 52. Qh5+ Kg3 53. Qf3+ Kh2 54. Qh5+ Kg3 55. Qf3+ 1/2-1/2


[Site "https://www.chess.com"]

[Event "Titled Tuesday Blitz May 18 2021"]
[White "Sjugirov, Sanan"]
[Black "Pakleza, Zbigniew"]
[WhiteFideId "4189302"]
[BlackFideId "1119290"]
[WhiteElo "2472"]
[BlackElo "2526"]
[Result "1-0"]
[Round "04"]
[TimeControl "180+1"]
[Date "2021.05.18"]
[WhiteClock "0:00:05"]
[BlackClock "0:00:15"]

1. d4 d6 2. e4 Nf6 3. Nc3 c6 4. f3 Qb6 5. Rb1 e5 6. Be3 Nbd7 7. Qd2 Qc7 8. Nge2 g6 9. g4 b5 10. Bg2 Bb7 11. O-O Bg7 12. Rbd1 Nb6 13. b3 O-O 14. Ng3 Rfe8 15. dxe5 dxe5 16. Qf2 Bf8 17. h4 b4 18. Nce2 c5 19. g5 Nfd7 20. h5 c4 21. Kh2 Bc5 22. Bh3 Rad8 23. h6 Ba6 24. Rfe1 Bxe3 25. Qxe3 Qc5 26. Qd2 Qf2+ 27. Bg2 c3 28. Qd6 Qe3 29. f4 exf4 30. Nxf4 Nc8 31. Rxe3 Nxd6 32. Rxd6 Ne5 33. Rxd8 Rxd8 34. Re1 Rd2 35. Kg1 Rxc2 36. Nd5 Nd3 37. Rf1 Rxa2 38. Nf6+ Kf8 39. Nxh7+ Ke7 40. Nf6 c2 41. Ne2 c1=Q 42. Nxc1 Ne5 43. h7 Bxf1 44. h8=Q Ra1 45. Qe8+ Kd6 46. Qd8+ Kc5 47. Qd5+ Kb6 48. Qd6+ Kb7 49. Qe7+ Kb6 50. Qxe5 Bxg2 51. Qxa1 Kb7 52. Qd4 Bxe4 53. Ne2 a5 54. Nxe4 Ka6 55. Qc5 a4 56. Qc6+ Ka5 57. Nd4 axb3 58. Qb5# 1-0


[Site "https://www.chess.com"]

[Event "Titled Tuesday Blitz May 18 2021"]
[White "Tabatabaei, M. Amin"]
[Black "Wagner, Dennis"]
[WhiteFideId "12521213"]
[BlackFideId "24650684"]
[WhiteElo "2555"]
[BlackElo "2355"]
[Result "1-0"]
[Round "04"]
[TimeControl "180+1"]
[Date "2021.05.18"]
[WhiteClock "0:00:36"]
[BlackClock "0:00:04"]

1. Nf3 g6 2. e4 Bg7 3. d4 d6 4. c4 Nf6 5. Nc3 O-O 6. Be2 e5 7. O-O Nc6 8. d5 Ne7 9. b4 Nh5 10. Re1 f5 11. Ng5 Nf6 12. b5 h6 13. Ne6 Bxe6 14. dxe6 Nxe4 15. Nxe4 fxe4 16. Bg4 a6 17. bxa6 Rxa6 18. a4 Nf5 19. Rxe4 Qf6 20. c5 Qxe6 21. cxd6 cxd6 22. Ba3 Rd8 23. Rb4 d5 24. Rxb7 h5 25. Be2 Raa8 26. Bb2 Rab8 27. Rxb8 Rxb8 28. Qd2 e4 29. Bxg7 Kxg7 30. a5 Qe5 31. Qd1 Nd4 32. Bf1 e3 33. fxe3 Qxe3+ 34. Kh1 Rb2 35. a6 Nf5 36. a7 Qf4 37. a8=Q Qh4 38. Qe1 1-0


[Site "https://www.chess.com"]

[Event "Titled Tuesday Blitz May 18 2021"]
[White "Vaishali, Rameshbabu"]
[Black "Abdrlauf, Elham"]
[WhiteFideId "5091756"]
[BlackFideId "1533533"]
[WhiteElo "2313"]
[BlackElo "2326"]
[Result "0-1"]
[Round "04"]
[TimeControl "180+1"]
[Date "2021.05.18"]
[WhiteClock "0:00:07"]
[BlackClock "0:00:58"]

1. e4 c6 2. d4 d5 3. e5 c5 4. Nf3 cxd4 5. Nxd4 Nc6 6. Bb5 Bd7 7. e6 fxe6 8. Nc3 Nf6 9. O-O e5 10. Nf3 e4 11. Nd4 e6 12. Bg5 Bd6 13. f3 exf3 14. Bxc6 bxc6 15. Bxf6 gxf6 16. Nxf3 O-O 17. Nh4 Qe7 18. Qd3 f5 19. Qh3 f4 20. g3 e5 21. Qg2 Kh8 22. Rae1 fxg3 23. hxg3 Rxf1+ 24. Rxf1 Rf8 25. Re1 Qg7 26. a3 e4 27. Ne2 Bc5+ 28. Kh1 Rf2 29. Rf1 Rxg2 30. Kxg2 Bg4 31. Nf4 Bd6 0-1


[Site "https://www.chess.com"]

[Event "Titled Tuesday Blitz May 18 2021"]
[White "Visakh N R"]
[Black "Bortnyk, Olexandr"]
[WhiteFideId "25012223"]
[BlackFideId "14120828"]
[WhiteElo "2428"]
[BlackElo "2723"]
[Result "1/2-1/2"]
[Round "04"]
[TimeControl "180+1"]
[Date "2021.05.18"]
[WhiteClock "0:00:47"]
[BlackClock "0:00:29"]

1. e4 Nf6 2. e5 Nd5 3. Nc3 Nxc3 4. dxc3 d6 5. exd6 Qxd6 6. Bd3 Nc6 7. Nf3 Bg4 8. h3 Bh5 9. Qe2 O-O-O 10. Be3 Bxf3 11. gxf3 e6 12. O-O-O Qd5 13. Kb1 Qa5 14. Be4 Rxd1+ 15. Rxd1 Bd6 16. Bxc6 bxc6 17. Qc4 Kb7 18. a4 Rb8 19. Bf4 Rd8 20. Qb3+ Qb6 21. Be3 Qxb3 22. cxb3 a6 23. Kc2 h5 24. Rd4 Be7 25. Rxd8 Bxd8 26. Kd3 Kc8 27. b4 Be7 28. f4 Kd7 29. Ke4 g6 30. Bd4 Bd6 31. Be5 Be7 32. Bd4 Bh4 33. Be3 Bf6 34. Bc5 Bg7 35. Bd4 f5+ 36. Kd3 Bh6 37. Be3 Kd6 38. Bc5+ Kd7 39. Be3 Kd6 40. Bc5+ Kd7 41. Be3 1/2-1/2


[Site "https://www.chess.com"]

[Event "Titled Tuesday Blitz May 18 2021"]
[White "dropstoneDP"]
[Black "Vasquez Schroeder, Rodrigo"]
[BlackFideId "3400042"]
[WhiteElo "2895"]
[BlackElo "2572"]
[Result "1-0"]
[Round "04"]
[TimeControl "180+1"]
[Date "2021.05.18"]
[WhiteClock "0:00:05"]
[BlackClock "0:00:36"]

1. d4 d5 2. Nf3 Nf6 3. Bf4 e6 4. e3 Bd6 5. Bxd6 cxd6 6. c4 O-O 7. Nc3 dxc4 8. Bxc4 a6 9. a3 b5 10. Bd3 Bb7 11. O-O Nbd7 12. Rc1 Rc8 13. e4 e5 14. d5 Qb6 15. Re1 Rc7 16. b4 Rfc8 17. Ne2 Rxc1 18. Nxc1 Rc3 19. a4 bxa4 20. Qxa4 g6 21. h3 Kg7 22. Bf1 Bc8 23. Nb3 Rc2 24. Nbd2 Rc3 25. Nc4 Qb8 26. Qa1 Rb3 27. Na5 Rxf3 28. gxf3 Nh5 29. Nc6 Qb7 30. b5 axb5 31. Qa7 Nc5 32. Qxb7 Bxb7 33. Bxb5 Nf4 34. Kh2 Bc8 35. h4 Kf6 36. Ra1 Bd7 37. Ra7 h5 38. Nd8 Ke7 39. Nxf7 Kxf7 40. Bxd7 Kf8 41. Ra8+ Ke7 42. Bc6 Ncd3 43. Re8+ Kf7 44. Rd8 Ne1 45. Rd7+ Kf8 46. Rxd6 Nxf3+ 47. Kg3 Nd4 48. Rd8+ Ke7 49. Re8+ Kf6 50. Ba4 Nfe2+ 51. Kh2 Nc3 52. d6 Nxa4 53. d7 Nc6 54. Rc8 1-0


[Site "https://www.chess.com"]

[Event "Titled Tuesday Blitz May 18 2021"]
[White "Abdrlauf, Elham"]
[Black "Tabatabaei, M. Amin"]
[WhiteFideId "1533533"]
[BlackFideId "12521213"]
[WhiteElo "2326"]
[BlackElo "2555"]
[Result "1-0"]
[Round "05"]
[TimeControl "180+1"]
[Date "2021.05.18"]
[WhiteClock "0:00:36"]
[BlackClock "0:00:06"]

1. e4 c5 2. Nf3 e6 3. c3 Nf6 4. e5 Nd5 5. d4 cxd4 6. cxd4 d6 7. exd6 Bxd6 8. Nc3 O-O 9. Bd3 Nc6 10. O-O Nce7 11. Re1 Bd7 12. Ne4 Bc6 13. Ne5 Ng6 14. Qh5 Bxe5 15. dxe5 Ndf4 16. Bxf4 Qxd3 17. Rad1 Nxf4 18. Qg4 Qb5 19. Nf6+ Kh8 20. Qxf4 Qxb2 21. Rd3 Qc2 22. Rh3 Rad8 23. Rxh7+ Qxh7 24. Nxh7 1-0


[Site "https://www.chess.com"]

[Event "Titled Tuesday Blitz May 18 2021"]
[White "Alekseenko, Kirill"]
[Black "Shimanov, Aleksandr"]
[WhiteFideId "4135539"]
[BlackFideId "4198603"]
[WhiteElo "2580"]
[BlackElo "2596"]
[Result "1-0"]
[Round "05"]
[TimeControl "180+1"]
[Date "2021.05.18"]
[WhiteClock "0:00:34"]
[BlackClock "0:00:30"]

1. d4 Nf6 2. Bf4 d5 3. Nc3 c5 4. e3 cxd4 5. exd4 Bg4 6. Nf3 a6 7. h3 Bxf3 8. Qxf3 Nc6 9. O-O-O e6 10. g4 Bd6 11. g5 Bxf4+ 12. Qxf4 Nd7 13. h4 Qb8 14. Qg4 g6 15. h5 Rf8 16. hxg6 hxg6 17. Bg2 Qd6 18. Rh3 O-O-O 19. Ne2 Kb8 20. Qf4 Kc7 21. c3 Nb6 22. Rdh1 Nc4 23. Qxd6+ Nxd6 24. Nf4 b6 25. Rh7 Rd7 26. Rg7 Nf5 27. Rgh7 Nd6 28. Kc2 a5 29. a4 Rg8 30. Bh3 Re8 31. f3 Rde7 32. Bg4 Rg8 33. Bh3 Rge8 34. Bf1 Rg8 35. Bd3 Kd7 36. b3 Rc8 37. Kd2 Rg8 38. Nh3 Ree8 39. Nf2 Rh8 40. Rxh8 1-0


[Site "https://www.chess.com"]

[Event "Titled Tuesday Blitz May 18 2021"]
[White "Bortnyk, Olexandr"]
[Black "Bluebaum, Matthias"]
[WhiteFideId "14120828"]
[BlackFideId "24651516"]
[WhiteElo "2723"]
[BlackElo "2685"]
[Result "1/2-1/2"]
[Round "05"]
[TimeControl "180+1"]
[Date "2021.05.18"]
[WhiteClock "0:00:04"]
[BlackClock "0:00:06"]

1. e4 e6 2. d4 d5 3. Nc3 Nf6 4. Bg5 dxe4 5. Nxe4 Be7 6. Bxf6 gxf6 7. Nf3 f5 8. Nc3 a6 9. Qd3 b5 10. O-O-O Qd6 11. Qe3 Nd7 12. Bd3 Bb7 13. d5 b4 14. dxe6 Qxe6 15. Qd4 O-O-O 16. Rhe1 Qh6+ 17. Kb1 Bc5 18. Qc4 bxc3 19. Bxf5 Qb6 20. Qxc3 Bb4 21. Bxd7+ Kb8 22. Qe3 Bxe1 23. Qxe1 Rhg8 24. Ne5 Rxg2 25. Bh3 Rxd1+ 26. Qxd1 Qxf2 27. Bxg2 Bxg2 28. b3 f6 29. Qd8+ Kb7 30. Nd3 Qg1+ 31. Kb2 Qxh2 32. Nc5+ Kc6 33. Nxa6 Qe5+ 34. Kb1 Qe1+ 35. Kb2 Qe5+ 36. Kb1 Qe1+ 37. Kb2 Qe5+ 1/2-1/2


[Site "https://www.chess.com"]

[Event "Titled Tuesday Blitz May 18 2021"]
[White "Corrales Jimenez, Fidel"]
[Black "Sarana, Alexey"]
[WhiteFideId "3506690"]
[BlackFideId "24133795"]
[WhiteElo "2555"]
[BlackElo "2629"]
[Result "0-1"]
[Round "05"]
[TimeControl "180+1"]
[Date "2021.05.18"]
[WhiteClock "0:00:34"]
[BlackClock "0:00:21"]

1. e4 c5 2. Nf3 d6 3. d4 cxd4 4. Nxd4 Nf6 5. Nc3 a6 6. Be3 e5 7. Nb3 Be6 8. f3 Nbd7 9. Qd2 b5 10. g4 Be7 11. g5 Nh5 12. O-O-O Nb6 13. Nd5 Nxd5 14. exd5 Bf5 15. Rg1 O-O 16. Na5 Qd7 17. Bd3 f6 18. g6 Bxd3 19. Qxd3 f5 20. gxh7+ Kxh7 21. Bg5 Bxg5+ 22. Rxg5 Nf4 23. Qd2 Rf6 24. Nc6 Rh6 25. Nd4 g6 26. Ne6 Nxe6 27. dxe6 Qxe6 28. Qxd6 Re8 29. Qxe6 Rxe6 30. Rd7+ Kg8 31. Rg2 Rh7 32. Rd8+ Kg7 33. b3 Kf6 34. Rg8 Kf7 35. Rc8 Rh3 36. Rf2 Kf6 37. c4 bxc4 38. Rxc4 Kg5 39. Kb2 Rd6 40. Rg2+ Kf6 41. Rf2 f4 42. a4 g5 43. b4 Kf5 44. b5 axb5 45. axb5 g4 46. fxg4+ Kxg4 47. Rc6 Rd5 48. b6 Rb5+ 49. Kc2 Rhb3 50. Rg2+ Kf3 51. Rgg6 e4 52. Rc3+ Rxc3+ 53. Kxc3 e3 54. Kc4 Rb1 55. Kc5 e2 56. Re6 e1=Q 57. Rxe1 Rxe1 58. h4 Rc1+ 59. Kd6 Rb1 60. Kc7 Kg4 0-1


[Site "https://www.chess.com"]

[Event "Titled Tuesday Blitz May 18 2021"]
[White "Eljanov, Pavel"]
[Black "Matsenko, Andrei"]
[WhiteFideId "14102951"]
[BlackFideId "24146501"]
[WhiteElo "2602"]
[BlackElo "2228"]
[Result "1/2-1/2"]
[Round "05"]
[TimeControl "180+1"]
[Date "2021.05.18"]
[WhiteClock "0:00:04"]
[BlackClock "0:00:23"]

1. e4 c6 2. Nf3 d5 3. d3 dxe4 4. dxe4 Qxd1+ 5. Kxd1 Nf6 6. Nbd2 Bg4 7. Be2 Nbd7 8. Ne1 Bxe2+ 9. Kxe2 O-O-O 10. f3 g5 11. Nd3 h5 12. Nc4 g4 13. Nce5 Nxe5 14. Nxe5 Rh7 15. Be3 a6 16. Rad1 Rxd1 17. Rxd1 e6 18. Nc4 Nd7 19. Bf4 Bc5 20. Nd6+ Bxd6 21. Bxd6 gxf3+ 22. gxf3 Rg7 23. Kf2 f6 24. Rg1 Rxg1 25. Kxg1 Kd8 26. Kg2 Ke8 27. Kg3 Kf7 28. Kf4 Kg6 29. a4 b5 30. axb5 axb5 31. b3 Nb6 32. Ke3 Kg5 33. Kd4 Nd7 34. Bg3 h4 35. Bf2 Kf4 36. Bxh4 Kxf3 37. b4 e5+ 38. Kd3 c5 39. bxc5 Nxc5+ 40. Kc3 Nxe4+ 41. Kb4 f5 42. Kxb5 Kg2 43. c4 f4 44. c5 f3 45. c6 Kxh2 46. c7 Nd6+ 47. Kc6 Nc8 48. Kd5 Kh3 49. Be1 Kg2 50. Kxe5 f2 51. Bxf2 Kxf2 52. Ke6 Ke3 53. Kd7 Na7 54. c8=Q Nxc8 1/2-1/2


[Site "https://www.chess.com"]

[Event "Titled Tuesday Blitz May 18 2021"]
[White "Goltsev, Dmitry"]
[Black "Abdusattorov, Nodirbek"]
[WhiteFideId "24176710"]
[BlackFideId "14204118"]
[WhiteElo "2366"]
[BlackElo "2662"]
[Result "0-1"]
[Round "05"]
[TimeControl "180+1"]
[Date "2021.05.18"]
[WhiteClock "0:00:02"]
[BlackClock "0:00:59"]

1. e4 c6 2. Nf3 d5 3. Nc3 dxe4 4. Nxe4 Nf6 5. Nxf6+ gxf6 6. Bc4 Nd7 7. d4 Nb6 8. Bb3 Bg4 9. c3 e6 10. h3 Bh5 11. Bf4 Bd6 12. Bxd6 Qxd6 13. Qd3 O-O-O 14. O-O-O Bg6 15. Qe3 Nd5 16. Bxd5 Qxd5 17. b3 Rhg8 18. g4 h5 19. Rhg1 hxg4 20. hxg4 Rh8 21. Kb2 Rh3 22. Rg3 Rxg3 23. fxg3 Rh8 24. Nh4 Qg5 25. Qxg5 fxg5 26. Nxg6 fxg6 27. Rf1 Rh2+ 28. Kb1 Rg2 29. Rf3 Kc7 30. c4 Kd6 31. Ka1 b5 32. Kb1 a5 33. a3 bxc4 34. bxc4 Rd2 35. d5 cxd5 36. cxd5 Kxd5 37. Kc1 Rg2 38. Rb3 e5 39. Rb5+ Kd4 40. Rxa5 e4 41. Rxg5 e3 42. Kd1 Kd3 43. Rd5+ Ke4 44. Rd6 g5 45. Rf6 Rxg3 46. Re6+ Kf3 47. Rf6+ Kxg4 48. Ke2 Kh3 49. a4 Rg4 50. a5 Ra4 51. a6 Ra3 52. Rh6+ Kg3 53. Rg6 g4 54. Rh6 Kg2 55. Rg6 g3 56. Rh6 Kg1 57. Rg6 g2 58. Rh6 Ra2+ 59. Ke1 Ra5 60. Ke2 Ra4 61. Ke1 e2 62. Kxe2 Re4+ 63. Kf3 Kf1 64. Rg6 Ra4 65. Rxg2 Ra3+ 66. Ke4 Kxg2 0-1


[Site "https://www.chess.com"]

[Event "Titled Tuesday Blitz May 18 2021"]
[White "Grandelius, Nils"]
[Black "Oparin, Grigoriy"]
[WhiteFideId "1710400"]
[BlackFideId "24125890"]
[WhiteElo "2651"]
[BlackElo "2628"]
[Result "1/2-1/2"]
[Round "05"]
[TimeControl "180+1"]
[Date "2021.05.18"]
[WhiteClock "0:00:04"]
[BlackClock "0:00:52"]

1. Nf3 c6 2. g3 d5 3. Bg2 Bg4 4. h3 Bh5 5. O-O Nd7 6. d4 e6 7. c4 Ngf6 8. cxd5 exd5 9. Ne5 Bg6 10. Nc3 Bb4 11. Qb3 a5 12. a3 Bxc3 13. bxc3 Qc8 14. c4 dxc4 15. Nxc4 O-O 16. Nd6 Qb8 17. Nxb7 Ra7 18. Nc5 Nxc5 19. Qxb8 Rxb8 20. dxc5 Be4 21. Bf4 Re8 22. f3 Bc2 23. e4 a4 24. Rf2 Bb3 25. Rd2 h6 26. Kf2 Nd7 27. Bd6 Ne5 28. Bf1 Nc4 29. Bxc4 Bxc4 30. Rb1 Bb3 31. g4 f6 32. Rd4 g5 33. Rb4 Kf7 34. Rb2 h5 35. Rb6 Rc8 36. Rd2 hxg4 37. hxg4 Rd7 38. Ke3 Kg6 39. Rd4 Kf7 40. Rdb4 Kg6 41. Rb7 Rxb7 42. Rxb7 Bc4 43. e5 Re8 44. Kd4 Bd5 45. exf6 Kxf6 46. Rb8 Rxb8 47. Bxb8 1/2-1/2


[Site "https://www.chess.com"]

[Event "Titled Tuesday Blitz May 18 2021"]
[White "Hansen, Eric"]
[Black "Korchmar, Vasiliy"]
[WhiteFideId "2606771"]
[BlackFideId "24131750"]
[WhiteElo "2568"]
[BlackElo "2370"]
[Result "1-0"]
[Round "05"]
[TimeControl "180+1"]
[Date "2021.05.18"]
[WhiteClock "0:02:11"]
[BlackClock "0:00:47"]

1. e4 c5 2. Nf3 d6 3. c3 Nf6 4. Be2 g6 5. O-O Bg7 6. Re1 O-O 7. Bf1 Nc6 8. h3 e5 9. a3 Be6 10. d3 h6 11. b4 b6 12. Bb2 Rc8 13. Nbd2 Qd7 14. b5 Na5 15. d4 cxd4 16. cxd4 Nc4 17. Bxc4 Bxc4 18. dxe5 dxe5 19. Nxe5 Qxb5 20. Nexc4 Rxc4 21. Nxc4 Qxc4 22. Qf3 Nh5 23. Bxg7 Nxg7 24. a4 Ne6 25. a5 Nd4 26. Qf6 b5 27. Rad1 Nc2 28. Rf1 b4 29. Rd8 b3 30. Rxf8+ Kxf8 31. Rd1 1-0


[Site "https://www.chess.com"]

[Event "Titled Tuesday Blitz May 18 2021"]
[White "Iniyan, P"]
[Black "Andreikin, Dmitry"]
[WhiteFideId "25002767"]
[BlackFideId "4158814"]
[WhiteElo "2400"]
[BlackElo "2782"]
[Result "0-1"]
[Round "05"]
[TimeControl "180+1"]
[Date "2021.05.18"]
[WhiteClock "0:00:16"]
[BlackClock "0:00:28"]

1. e4 c5 2. Nf3 e6 3. b3 Nc6 4. Bb2 Nge7 5. Be2 d5 6. exd5 Nxd5 7. O-O Be7 8. Nc3 Bf6 9. Nxd5 Bxb2 10. Rb1 exd5 11. Rxb2 O-O 12. d4 Qf6 13. c3 Bg4 14. dxc5 Qxc3 15. Rc2 Qf6 16. Rd2 Rad8 17. Rxd5 Qb2 18. Bc4 Qxa2 19. Re1 Qa5 20. Re3 Be6 21. Rd2 Bxc4 22. bxc4 Qxc5 23. h4 h6 24. Qe2 Rxd2 25. Nxd2 a5 26. Qg4 a4 27. Rg3 Qd4 28. Ne4 f5 29. Qg6 fxe4 0-1


[Site "https://www.chess.com"]

[Event "Titled Tuesday Blitz May 18 2021"]
[White "Kamsky, Gata"]
[Black "Praggnanandhaa R"]
[WhiteFideId "2000024"]
[BlackFideId "25059530"]
[WhiteElo "2644"]
[BlackElo "2555"]
[Result "0-1"]
[Round "05"]
[TimeControl "180+1"]
[Date "2021.05.18"]
[WhiteClock "0:00:20"]
[BlackClock "0:01:18"]

1. e4 e5 2. Nf3 Nc6 3. Bb5 a6 4. Ba4 Bc5 5. O-O d6 6. c3 Bd7 7. d4 Ba7 8. Re1 Nge7 9. Be3 Ng6 10. Nbd2 O-O 11. Nf1 exd4 12. cxd4 b5 13. Bb3 Bg4 14. d5 Nce5 15. Bxa7 Bxf3 16. Qd4 Nf4 17. Re3 Nxg2 18. Ng3 Nxe3 19. Qxe3 Qh4 20. Bd4 Qh3 0-1


[Site "https://www.chess.com"]

[Event "Titled Tuesday Blitz May 18 2021"]
[White "Khanin, Semen"]
[Black "Jobava, Baadur"]
[WhiteFideId "4111990"]
[BlackFideId "13601520"]
[WhiteElo "2521"]
[BlackElo "2748"]
[Result "0-1"]
[Round "05"]
[TimeControl "180+1"]
[Date "2021.05.18"]
[WhiteClock "0:00:06"]
[BlackClock "0:00:42"]

1. e4 e5 2. Nf3 Nf6 3. Nxe5 d6 4. Nf3 Nxe4 5. Nc3 Nxc3 6. dxc3 Be7 7. Be3 Nc6 8. Qd2 Bf5 9. O-O-O O-O 10. h3 Qd7 11. Nd4 Nxd4 12. cxd4 Rfe8 13. Kb1 d5 14. f3 Qa4 15. Bd3 Bb4 16. Qf2 Bg6 17. Bxg6 hxg6 18. h4 Re6 19. b3 Qa5 20. h5 Bc3 21. a4 Rae8 22. hxg6 fxg6 23. Bc1 b5 24. Qh4 bxa4 25. Qh7+ Kf7 26. Bh6 Rg8 27. Rh4 axb3 28. Rf4+ Rf6 29. Rxf6+ Kxf6 30. Bxg7+ Rxg7 31. Qh4+ Kf7 32. cxb3 Qa1+ 33. Kc2 Qb2+ 34. Kd3 Qxb3 35. Qf4+ Kg8 36. Rh1 Bxd4+ 37. Kd2 Qc3+ 38. Kd1 Qd3+ 0-1


[Site "https://www.chess.com"]

[Event "Titled Tuesday Blitz May 18 2021"]
[White "Lazavik, Denis"]
[Black "Morefield, Jason"]
[WhiteFideId "13515110"]
[BlackFideId "30920825"]
[WhiteElo "2436"]
[BlackElo "2171"]
[Result "1-0"]
[Round "05"]
[TimeControl "180+1"]
[Date "2021.05.18"]
[WhiteClock "0:00:24"]
[BlackClock "0:00:21"]

1. d4 d5 2. c4 c6 3. Nf3 Nf6 4. e3 e6 5. b3 Ne4 6. Bd3 Bb4+ 7. Nbd2 Nd7 8. a3 Bc3 9. Ra2 O-O 10. O-O f5 11. b4 a5 12. b5 cxb5 13. cxd5 exd5 14. Bxb5 Ndf6 15. Nb1 Bd7 16. Bxd7 Qxd7 17. Ne5 Qc7 18. f3 Qb6 19. Qd3 Rac8 20. fxe4 fxe4 21. Qxc3 Rxc3 22. Nxc3 Qb3 23. Bd2 Rc8 24. Rb1 Rxc3 25. Rxb3 Rxb3 26. Kf2 b6 27. a4 Ne8 28. Rc2 Ra3 29. Rc8 Kf8 30. Nd7+ Ke7 31. Nxb6 Nd6 32. Rc7+ Ke6 33. Bxa5 Ra2+ 34. Kf1 Nf5 35. Rc6+ Kf7 36. Nxd5 Rxa4 37. Bd2 Ra2 38. Ke2 1-0


[Site "https://www.chess.com"]